Map: Acid Plant LE

Players

IBGreedy

  • Race: Terran Terran
  • Spawn Location: 5:00

Adapt - Winner!

  • Race: Zerg Zerg
  • League: Diamond
  • Spawn Location: 11:00

VOD

Have the link to the VOD?

Description

fast mutas featuring infestor broodlord

Time

  • Played on: July 9, 2018, 10:14 p.m.
  • Length: 26:36
Show
View Real Time Build Order
Export as new Build Order

IBGreedy Terran 

Build Orders: Reaper Expand, MMM Bio 

Get SALT Encoding   

  12  0:01  SCV  
  13  0:13  SCV  
  14  0:17  Supply Depot  
  14  0:25  SCV  
  15  0:39  SCV  
  15  0:40  Barracks  
  16  0:44  Refinery  
  16  0:51  SCV  
  17  1:05  SCV  
  18  1:18  SCV  
  19  1:27  Reaper  
  19  1:30  Orbital Command  
  20  1:40  Command Center  
  20  1:51  Barracks  
  20  1:55  SCV  
  20  2:01  Barracks Reactor  
  21  2:06  Supply Depot  
  22  2:08  SCV  
  22  2:20  SCV  
  23  2:25  Refinery  
  23  2:32  SCV  
  24  2:37  Marine x2  
  24  2:39  Barracks Tech Lab  
  24  2:42  Factory  
  26  2:44  SCV  
  27  2:54  Orbital Command  
  27  2:55  Marine x2  
  27  2:57  SCV  
  30  3:04  Stimpack  
  30  3:10  SCV  
  30  3:11  Marine  
  32  3:13  Marine x2  
  34  3:20  SCV  
  34  3:23  SCV  
  36  3:29  Marine  
  36  3:30  Supply Depot, Marine  
  36  3:33  Starport  
  38  3:34  Factory Tech Lab  
  38  3:38  SCV x2  
  38  3:40  Marine  
  41  3:47  Marine  
  42  3:50  SCV x2  
  42  3:51  Marine  
  42  3:53  Supply Depot  
  45  3:58  Marine  
  45  4:02  SCV  
  47  4:04  SCV  
  47  4:07  Marine  
  47  4:09  Marine  
  50  4:16  Barracks  
  50  4:17  SCV x2  
  52  4:27  Command Center  
  52  4:29  SCV  
  53  4:33  Marine x3  
  53  4:38  Factory Tech Lab, Starport Reactor  
  56  4:40  SCV  
  56  4:44  Refinery, SCV  
  56  4:45  Refinery  
  58  4:50  Marine  
  58  4:51  Marine  
  58  4:52  SCV  
  61  4:53  Supply Depot  
  61  4:58  Supply Depot  
  61  5:04  Combat Shields  
  61  5:06  Concussive Shells  
  61  5:09  SCV  
  62  5:15  SCV, Marauder, Siege Tank  
  68  5:21  SCV  
  68  5:26  Engineering Bay  
  68  5:27  Engineering Bay, SCV  
  67  5:35  Medivac x2  
  65  5:39  Orbital Command  
  62  5:54  Siege Tank, Marine x3  
  62  5:55  Marine  
  69  6:04  SCV x2  
  69  6:06  Missile Turret  
  64  6:12  Marine x3  
  55  6:19  SCV  
  40  6:46  SCV x2  
  19  7:19  SCV x3  
  19  7:22  Missile Turret  
  22  7:27  Marine x4  
  26  7:31  SCV x2  
  26  7:36  Missile Turret  
  27  7:44  Marine  
  27  7:45  Marine  
  29  7:55  SCV x3  
  31  8:06  Marine  
  31  8:07  SCV x2, Missile Turret, Marine x2  
  31  8:11  SCV  
  37  8:17  Marine  
  37  8:19  SCV x2  
  40  8:24  SCV  
  41  8:29  Marine x3  
  41  8:31  SCV  
  41  8:32  SCV  
  46  8:35  Marine  
  46  8:36  SCV  
  48  8:43  SCV  
  48  8:46  Medivac x2  
  48  8:47  SCV, Marine  
  55  8:48  SCV  
  55  8:50  Terran Infantry Weapons Level 1  
  55  8:52  Terran Infantry Armor Level 1  
  55  8:54  Marine  
  55  8:55  Marine  
  58  8:57  Marine  
  58  8:59  SCV x2  
  61  9:07  SCV  
  61  9:09  Marine  
  63  9:11  SCV, Marine  
  63  9:14  SCV  
  66  9:18  Marine x2  
  66  9:23  SCV  
  70  9:26  SCV  
  70  9:27  Orbital Command, Marine  
  70  9:29  Marine  
  72  9:36  Marine x2  
  74  9:43  Siege Tank  
  74  9:44  SCV x2, Marine  
  80  9:47  Marine  
  81  9:52  Supply Depot  
  81  9:55  SCV, Supply Depot  
  81  9:56  SCV  
  83  10:01  SCV  
  84  10:08  Marine x4  
  84  10:09  Medivac x2  
  84  10:13  Missile Turret  
  92  10:15  SCV, Armory  
  92  10:16  SCV  
  92  10:17  SCV  
  95  10:25  Marine  
  95  10:26  Marine x3  
  99  10:31  Missile Turret  
  99  10:32  SCV x2  
  99  10:33  SCV  
  102  10:55  Marine x4  
  102  10:56  Siege Tank  
  109  11:03  Supply Depot  
  109  11:04  Supply Depot  
  109  11:07  Supply Depot  
  109  11:13  Marine  
  109  11:15  SCV  
  109  11:17  SCV  
  109  11:25  SCV, Medivac x2, Marine  
  115  11:27  SCV  
  115  11:32  Marine x2  
  113  11:33  Siege Tank, Marine  
  113  11:37  SCV  
  120  11:43  Marine  
  121  11:48  Refinery  
  121  11:50  Refinery, Marine x2  
  121  11:53  Terran Infantry Weapons Level 2, Terran Infantry Armor Level 2  
  123  11:58  Barracks  
  123  11:59  Barracks  
  123  12:00  Missile Turret  
  123  12:03  SCV x3, Missile Turret  
  123  12:04  Marine  
  123  12:05  Medivac x2  
  131  12:23  SCV x2  
  133  12:42  Supply Depot x2  
  133  12:43  Supply Depot  
  133  12:48  Barracks Reactor, Barracks Tech Lab  
  133  12:58  SCV, Siege Tank, Marine x4  
  141  12:59  Supply Depot  
  141  13:03  Medivac x2  
  141  13:05  Supply Depot  
  145  13:14  Command Center  
  145  13:16  Marine x3  
  148  13:21  Marine x2  
  150  13:30  Marine x2  
  150  13:33  Marine  
  153  13:36  Supply Depot  
  153  13:38  Supply Depot  
  153  13:43  Marine x2  
  153  13:44  Marine x2  
  153  13:45  Siege Tank  
  153  13:46  Medivac x2  
  153  13:48  Marine x2  
  165  13:50  Supply Depot  
  165  13:51  Marine  
  165  13:54  SCV x3  
  136  14:44  Marine x2  
  136  14:45  Marine x5  
  135  14:46  Thor  
  135  14:48  Viking x2  
  146  14:54  Refinery  
  146  14:58  Refinery  
  146  15:02  Marine x3  
  146  15:04  Missile Turret  
  146  15:06  Marine  
  150  15:07  Marine x3  
  153  15:15  Starport  
  153  15:16  Starport  
  153  15:18  Terran Ship Weapons Level 1, Viking x2  
  153  15:20  Marine x3  
  160  15:24  Marine  
  160  15:25  Marine x2  
  160  15:27  Planetary Fortress  
  163  15:30  Missile Turret, Terran Infantry Weapons Level 3  
  163  15:31  Terran Infantry Armor Level 3  
  163  15:43  Marine x6  
  163  15:44  Marine  
  163  15:45  Siege Tank  
  141  16:00  Marine  
  122  16:11  Marine  
  122  16:12  Marine x5  
  122  16:13  Viking x3  
  122  16:15  Starport Reactor  
  129  16:18  Marine  
  113  16:29  Marine x6  
  107  16:34  Siege Tank  
  107  16:36  Marine  
  99  16:47  Marine x2  
  91  17:05  Marine  
  91  17:06  Marine x3  
  91  17:07  Viking x4  
  83  17:17  Command Center  
  83  17:18  Command Center  
  83  17:19  Viking  
  81  17:23  Marine  
  81  17:24  Marine x3  
  81  17:27  Orbital Command  
  76  17:37  Viking x3  
  76  17:41  Marine  
  76  17:42  Marine x3  
  79  17:47  Viking  
  73  17:54  SCV  
  73  17:55  SCV x2  
  74  17:59  Marine x4  
  74  18:06  SCV  
  71  18:17  Marine x4  
  73  18:28  SCV x2  
  73  18:29  SCV  
  73  18:32  Orbital Command x2  
  76  18:34  Marine  
  76  18:35  Marine x3  
  76  18:38  SCV  
  76  18:40  SCV x2  
  83  18:49  Command Center  
  83  18:50  Viking x4  
  83  18:52  Marine  
  83  18:53  Marine x3  
  83  18:54  Starport Reactor  
  95  18:56  Barracks  
  95  19:10  Marine  
  95  19:11  Marine x3  
  93  19:30  Orbital Command  
  73  19:37  Orbital Command  
  70  19:40  Marine x4  
  70  19:41  Viking  
  70  19:42  Viking x4  
  84  19:54  Marine  
  84  19:58  Marine x4  
  78  20:10  Orbital Command  
  78  20:12  Marine  
  73  20:15  Marine  
  73  20:16  Marine x3  
  59  20:29  Marine  
  59  20:33  Marine  
  59  20:34  Marine x3  
  62  20:47  Marine  
  62  20:49  Orbital Command  
  63  20:51  Marine  
  63  20:52  Marine x2  
  63  21:05  Marine x2  
  57  21:21  Marine  
  57  21:23  Orbital Command, Marine x3  
  57  21:24  Marine  
  57  21:25  Orbital Command  
  50  21:27  Orbital Command  
  48  21:41  Marine  
  49  21:52  Orbital Command  
  48  22:01  Marine x2  
  46  22:10  Marine x2  
  46  22:11  Marine  
  42  22:17  Medivac x2  
  42  22:18  Marine  
  42  22:19  Marine  
  42  22:22  SCV x5  
  53  22:28  Siege Tank, Marine x3  
  59  22:30  Medivac  
  59  22:36  Marine  
  62  22:37  Marine  
  63  22:46  Refinery, Marine x3  
  63  22:50  Refinery  
  66  22:52  Viking  
  66  22:54  Marine  
  66  22:55  Marine  
  70  23:03  Marine  
  70  23:04  Command Center, Marine x2  
  73  23:12  Marine x2  
  75  23:21  Viking, Marine  
  75  23:22  Viking, Marine x2  
  82  23:30  Marine x2  
  70  23:57  Marine x5  
  58  24:08  SCV x3  
  58  24:09  SCV x2  
  51  24:10  Orbital Command  
  51  24:14  Viking x5  
  51  24:15  Viking, Marine x5  
  63  24:20  SCV x2  
  62  24:31  Siege Tank  
  65  24:32  Marine  
  65  24:33  Marine x4  
  65  24:36  SCV  
  71  24:46  Viking x2  
  71  24:50  Marine  
  71  24:51  SCV x4, Marine x2  
  71  24:52  SCV  
  43  25:31  Orbital Command  
Show
View Real Time Build Order
Export as new Build Order

Adapt Zerg - Winner!

Build Orders: Hatch First, Muta Ling Bane 

Get SALT Encoding   

  12  0:00  Drone  
  13  0:12  Overlord  
  13  0:17  Drone  
  14  0:30  Drone x2  
  14  0:34  Drone  
  17  0:53  Hatchery  
  17  0:56  Drone  
  17  1:00  Extractor  
  17  1:02  Drone  
  17  1:17  Spawning Pool  
  16  1:19  Drone  
  16  1:23  Drone  
  18  1:28  Drone  
  19  1:38  Overlord  
  19  1:48  Drone  
  20  2:03  Lair  
  20  2:05  Queen  
  20  2:06  Extractor, Zergling x2  
  20  2:07  Zergling x2  
  23  2:11  Drone  
  24  2:16  Drone  
  24  2:22  Drone  
  26  2:29  Drone  
  27  2:33  Drone  
  28  2:42  Drone x2  
  30  2:45  Queen  
  30  2:50  Drone  
  33  2:54  Drone  
  34  2:58  Overlord  
  34  3:08  Spire, Drone  
  34  3:17  Drone x4  
  38  3:21  Extractor  
  38  3:25  Drone x2  
  38  3:26  Drone  
  40  3:33  Extractor  
  39  3:36  Drone  
  39  3:37  Drone  
  41  3:46  Drone  
  41  3:47  Queen  
  44  3:49  Overlord  
  44  3:55  Overlord  
  44  4:11  Overlord  
  44  4:21  Mutalisk x4  
  52  4:28  Overlord  
  52  4:31  Mutalisk x2  
  52  4:34  Mutalisk  
  58  4:40  Mutalisk  
  60  4:46  Mutalisk  
  60  4:50  Overlord  
  62  4:54  Drone x4  
  62  4:56  Mutalisk  
  68  5:03  Overlord  
  68  5:12  Mutalisk  
  70  5:26  Mutalisk x2  
  74  5:43  Drone  
  74  5:44  Drone x7  
  74  5:48  Extractor  
  81  5:50  Hatchery  
  81  5:52  Mutalisk x2  
  81  5:53  Extractor  
  81  5:54  Overlord  
  83  6:11  Metabolic Boost  
  83  6:14  Zergling x10  
  83  6:16  Queen x2  
  92  6:34  Overlord x3  
  92  6:45  Zergling x2  
  92  6:46  Zergling x10  
  49  7:09  Drone  
  49  7:10  Drone x4  
  49  7:21  Drone x3  
  49  7:22  Drone x4  
  56  7:28  Drone  
  56  7:29  Queen x3  
  61  7:46  Drone x7  
  66  7:55  Drone x3  
  66  7:58  Extractor  
  68  8:01  Evolution Chamber  
  68  8:02  Evolution Chamber  
  68  8:04  Drone  
  67  8:05  Baneling Nest  
  66  8:21  Drone x7  
  66  8:22  Drone  
  66  8:25  Zergling x2  
  75  8:30  Drone x3  
  75  8:32  Drone x2  
  75  8:34  Drone  
  81  8:38  Zerg Ground Armor Level 1  
  81  8:41  Zerg Melee Weapons Level 1  
  81  8:45  Infestation Pit  
  80  8:48  Centrifical Hooks  
  80  8:59  Drone  
  80  9:00  Drone x8  
  89  9:25  Drone x3  
  89  9:27  Extractor  
  89  9:30  Hive, Hatchery  
  89  9:31  Burrow  
  90  9:34  Extractor, Corruptor x3  
  95  9:43  Zergling x2  
  95  9:44  Zergling x2  
  95  9:45  Overlord  
  97  9:46  Overlord x3  
  97  9:49  Baneling  
  97  9:50  Baneling x6  
  97  10:08  Drone x6  
  103  10:17  Corruptor  
  103  10:18  Corruptor x4  
  113  10:24  Infestor x2  
  117  10:30  Infestor x2  
  117  10:31  Infestor  
  123  10:48  Zergling x8  
  127  10:50  Overlord  
  127  10:51  Overlord x3  
  125  10:57  Baneling  
  125  10:58  Baneling x3  
  120  11:11  Pathogen Glands  
  120  11:29  Greater Spire  
  119  11:34  Zergling x2  
  119  11:35  Zergling x30  
  135  11:47  Queen  
  135  11:49  Overlord x6  
  137  12:05  Baneling  
  137  12:06  Baneling x5  
  137  12:07  Infestor  
  137  12:08  Infestor x4  
  146  12:23  Queen  
  146  12:30  Drone  
  146  12:33  Corruptor x4  
  146  12:34  Corruptor  
  156  12:45  Brood Lord  
  156  12:46  Brood Lord  
  156  12:47  Drone x2  
  156  12:48  Drone x18  
  160  13:05  Brood Lord  
  162  13:06  Brood Lord, Hatchery  
  162  13:07  Brood Lord  
  168  13:12  Brood Lord  
  168  13:13  Brood Lord  
  170  13:22  Overseer  
  170  13:24  Overlord x2  
  170  13:25  Hatchery  
  169  13:27  Brood Lord  
  171  13:37  Brood Lord  
  173  13:49  Brood Lord  
  173  13:50  Brood Lord  
  173  13:51  Zergling x2  
  173  13:52  Zergling x18  
  173  13:55  Extractor  
  186  13:57  Zerg Ground Armor Level 2  
  186  13:58  Zerg Melee Weapons Level 2  
  186  13:59  Extractor  
  157  14:42  Brood Lord  
  157  14:43  Brood Lord  
  157  14:44  Infestor  
  157  14:45  Infestor  
  165  14:47  Infestor x5  
  165  14:48  Drone x3  
  165  14:49  Extractor  
  165  14:51  Drone x3  
  165  14:52  Drone x3  
  173  14:53  Drone x6  
  173  14:58  Zergling x10  
  184  15:00  Adrenal Glands  
  184  15:06  Baneling x5  
  184  15:19  Queen  
  186  15:26  Corruptor  
  186  15:27  Corruptor x2  
  192  15:32  Zergling x16  
  168  16:02  Zergling x20  
  168  16:03  Zergling x10  
  153  16:41  Overlord  
  153  16:42  Overlord x4  
  141  17:10  Infestor  
  141  17:11  Infestor x11  
  161  17:32  Zergling x2  
  161  17:33  Zergling x32  
  174  17:51  Extractor  
  165  17:52  Hatchery  
  165  17:53  Extractor  
  155  18:01  Corruptor  
  155  18:02  Corruptor x7  
  144  18:24  Drone x3  
  144  18:25  Drone  
  144  18:26  Drone x2  
  150  18:34  Corruptor  
  150  18:35  Corruptor x3  
  150  18:38  Zergling x12  
  164  18:56  Baneling  
  164  18:57  Baneling x13  
  164  19:07  Brood Lord  
  148  19:32  Zergling x2  
  148  19:33  Zergling x38  
  160  20:00  Zergling x16  
  160  20:01  Zergling x8  
  159  20:08  Corruptor x5  
  150  20:15  Zergling x22  
  150  20:20  Corruptor x3  
  146  20:42  Baneling  
  146  20:43  Baneling x11  
  146  20:55  Corruptor  
  146  20:56  Corruptor x11  
  147  21:04  Zergling x2  
  147  21:05  Zergling x12  
  142  21:25  Corruptor  
  142  21:26  Corruptor x3  
  150  21:41  Zerg Ground Armor Level 3  
  150  21:49  Zergling x2  
  150  21:50  Zergling x32  
  167  21:58  Extractor  
  167  21:59  Hatchery  
  167  22:00  Extractor  
  159  22:02  Zergling x2  
  159  22:03  Zergling x8  
  159  22:21  Drone x2  
  161  22:31  Spine Crawler  
  161  22:32  Spine Crawler x2  
  161  22:33  Drone x3  
  161  22:34  Spore Crawler  
  160  22:37  Brood Lord  
  160  22:38  Brood Lord x2  
  166  22:44  Spine Crawler  
  166  22:45  Spine Crawler  
  164  22:51  Spore Crawler  
  164  22:55  Spine Crawler  
  164  22:56  Spine Crawler, Spore Crawler  
  164  22:57  Spine Crawler  
  159  22:59  Zergling x2  
  159  23:00  Zergling x8  
  164  23:07  Drone x2  
  166  23:24  Brood Lord  
  168  23:29  Brood Lord  
  133  24:00  Brood Lord x2  
  133  24:03  Zergling x16  
  133  24:04  Zergling x16  
  149  24:21  Drone x2  
  148  24:31  Baneling x10  
  144  24:32  Drone, Baneling x5  
  144  24:33  Drone x4  
  143  24:43  Drone x4  
  147  24:46  Extractor  
  114  25:32  Corruptor x6, Spawning Pool  
  105  25:50  Corruptor x3  
Tags
 
Add a new tag
Caveats
  • Supply blocks, unpowered buildings, or Contaminate may cause inaccurate times.
  • Supply counts are checked every 10 seconds.